[Event "November 21 Early 2023"]
[Site "https://www.chess.com"]
[Date "2023.11.21"]
[Round "1"]
[White "Maltsevskaya, Aleksandra"]
[Black "Tarasova, Viktoriya"]
[Result "0-1"]
[Board "161"]
[TimeControl "180+1"]
[WhiteFideId "24174041"]
[BlackFideId "4175840"]
[WhiteElo "2296"]
[BlackElo "2182"]
[WhiteTeam "POL"]
[BlackTeam "RUS"]
[WhiteClock "0:00:00"]
[BlackClock "0:00:05"]

1. Nf3 Nf6 2. g3 b6 3. Bg2 Bb7 4. O-O c5 5. d3 d5 6. Nbd2 e6 7. e4 Nbd7 8. exd5 Nxd5 9. Nc4 Be7 10. a4 a6 11. a5 b5 12. Nce5 Nxe5 13. Nxe5 Qc7 14. Re1 O-O 15. h4 Rad8 16. h5 c4 17. d4 c3 18. b3 Nf6 19. h6 g6 20. Bg5 Bxg2 21. Kxg2 Nd5 22. Bxe7 Nxe7 23. Qg4 Nf5 24. Rad1 Rd5 25. Qg5 f6 26. Qf4 fxe5 27. Qe4 Nxd4 28. Qg4 Qf7 29. f4 exf4 30. Rxe6 f3+ 31. Kf2 Qxe6 32. Qxe6+ Nxe6 33. Rxd5 Rd8 34. Re5 Nd4 35. Rc5 b4 36. Rc4 Nxc2 37. Kxf3 Kf7 38. Rc7+ Kf6 39. Rxh7 Nd4+ 40. Kg2 c2 41. Rc7 Rh8 42. Kf2 Rxh6 43. Ke3 Nxb3 44. Rxc2 Nxa5 45. Rc5 Nb3 46. Rc6+ Kf5 47. Rxa6 Rh1 48. Rb6 Re1+ 49. Kf2 Re4 50. Kf3 Rc4 51. g4+ Ke5 52. Rxg6 Nd4+ 53. Ke3 Rc3+ 54. Kd2 Rg3 55. g5 b3 56. Rb6 Kd5 57. g6 Kc5 58. Rb8 Rxg6 59. Kc3 Rg3+ 60. Kb2 Rg2+ 61. Kb1 Kc4 62. Rc8+ Kd3 63. Rc1 Nb5 64. Rd1+ Kc4 0-1

[Event "November 21 Early 2023"]
[Site "https://www.chess.com"]
[Date "2023.11.21"]
[Round "1"]
[White "mkllnd1517"]
[Black "Spata, German"]
[Result "0-1"]
[Board "162"]
[TimeControl "180+1"]
[BlackFideId "113026"]
[WhiteElo "2346"]
[BlackElo "2260"]
[BlackTeam "ARG"]
[WhiteClock "0:00:00"]
[BlackClock "0:00:20"]

1. Nf3 e6 2. b3 f5 3. Bb2 Nf6 4. c4 c6 5. d4 d5 6. e3 Bd6 7. Bd3 O-O 8. O-O Ne4 9. Nbd2 Bd7 10. Ne5 Be8 11. f3 Nxd2 12. Qxd2 Nd7 13. Nxd7 Bxd7 14. Rae1 Qh4 15. g3 Qh6 16. Qg2 Rf7 17. e4 fxe4 18. fxe4 Rxf1+ 19. Bxf1 Bb4 20. Re2 Qg5 21. a3 Ba5 22. exd5 cxd5 23. cxd5 Qxd5 24. Qxd5 exd5 25. Re7 Bc6 26. Bh3 Re8 27. Be6+ Kh8 28. Rxe8+ Bxe8 29. Bxd5 Bc6 30. Bxc6 bxc6 31. Kf2 Kg8 32. Ke3 Kf7 33. Ke4 Ke6 34. g4 Bd8 35. Bc1 Be7 36. a4 a6 0-1

[Event "November 21 Early 2023"]
[Site "https://www.chess.com"]
[Date "2023.11.21"]
[Round "1"]
[White "Papasimakopoulos, Alexandros"]
[Black "Koridze, Lile"]
[Result "0-1"]
[Board "163"]
[TimeControl "180+1"]
[WhiteFideId "4244125"]
[BlackFideId "13612514"]
[WhiteElo "2346"]
[BlackElo "2061"]
[WhiteTeam "GRE"]
[BlackTeam "GEO"]
[WhiteClock "0:00:17"]
[BlackClock "0:00:07"]

1. d4 Nf6 2. c4 e6 3. Nc3 Bb4 4. Qc2 O-O 5. a3 Bxc3+ 6. Qxc3 d5 7. Nf3 dxc4 8. Qxc4 b6 9. Bg5 Ba6 10. Qa4 Qd7 11. Qc2 Nd5 12. e4 Bxf1 13. Kxf1 Ne7 14. Rc1 Rc8 15. g3 c5 16. Bxe7 Qxe7 17. Kg2 Nd7 18. Rhd1 h6 19. d5 exd5 20. Rxd5 Nf6 21. Re5 Qc7 22. Qc4 Rd8 23. Rf5 Qe7 24. Re1 Re8 25. Re5 Qd7 26. h3 Rxe5 27. Nxe5 Qe7 28. Nf3 Rd8 29. Re2 Qd7 30. e5 Nd5 31. Rd2 Qe6 32. Kg1 Rd7 33. b4 cxb4 34. axb4 Rd8 35. b5 Rd7 36. Qc6 Rd8 37. Qxe6 fxe6 38. Ra2 Rd7 39. Nd4 Nc3 40. Rd2 Rxd4 41. Rc2 Nxb5 42. Rc8+ Kf7 43. Rb8 Nc3 44. Rb7+ Kg8 45. Rxa7 Re4 46. f4 b5 47. Kf2 b4 48. Rb7 Rc4 49. Kf3 Nd5 50. Kg4 Rc3 51. h4 b3 52. Kh5 Rxg3 53. f5 Nf4# 0-1

[Event "November 21 Early 2023"]
[Site "https://www.chess.com"]
[Date "2023.11.21"]
[Round "1"]
[White "KorolDimitriy75"]
[Black "Nitin, S."]
[Result "0-1"]
[Board "164"]
[TimeControl "180+1"]
[BlackFideId "5018277"]
[WhiteElo "2341"]
[BlackElo "2359"]
[BlackTeam "IND"]
[WhiteClock "0:00:00"]
[BlackClock "0:00:54"]

1. d4 Nf6 2. c4 g6 3. Nc3 Bg7 4. e4 d6 5. Nf3 O-O 6. Be2 Nbd7 7. O-O e5 8. Re1 h6 9. Rb1 Nh7 10. Bf1 c6 11. b4 Qe7 12. d5 c5 13. a3 f5 14. Nd2 Nhf6 15. f3 f4 16. Nb3 b6 17. bxc5 bxc5 18. Na5 g5 19. Nc6 Qf7 20. Nb5 Ne8 21. Nd8 Qg6 22. Ne6 a6 23. Nxf8 Nxf8 24. Nc3 g4 25. Kh1 Nh7 26. Na4 Nef6 27. Nb6 Rb8 28. Qd2 Ng5 29. Be2 g3 30. Bb2 Qh5 31. h3 Bxh3 32. Kg1 Bxg2 33. Kxg2 Qh2+ 0-1

[Event "November 21 Early 2023"]
[Site "https://www.chess.com"]
[Date "2023.11.21"]
[Round "1"]
[White "Al-Tarboush, Ward"]
[Black "Viskelis, Darius"]
[Result "1-0"]
[Board "165"]
[TimeControl "180+1"]
[WhiteFideId "7601450"]
[BlackFideId "12800830"]
[WhiteElo "2280"]
[BlackElo "1859"]
[WhiteTeam "NOR"]
[BlackTeam "LTU"]
[WhiteClock "0:01:10"]
[BlackClock "0:00:07"]

1. e4 e5 2. Nf3 Nf6 3. d4 Nxe4 4. Bd3 d5 5. Nxe5 Bb4+ 6. c3 Be7 7. O-O O-O 8. Re1 Bf5 9. Nd2 Nd6 10. Bxf5 Nxf5 11. Qb3 b6 12. Ndf3 f6 13. Nd3 c6 14. Bf4 Na6 15. Re6 Bd6 16. Bxd6 Nxd6 17. Nb4 Nxb4 18. Qxb4 Ne4 19. Rxc6 Qd7 20. Qb5 a6 21. Qxb6 Rfb8 22. Qc7 Qxc7 23. Rxc7 Rxb2 24. Re1 Rxa2 25. c4 Rb8 26. cxd5 Nd6 27. h4 Rbb2 28. Rd7 Rxf2 29. Rxd6 Rxg2+ 30. Kh1 Rgf2 31. Rd7 h5 32. Rg1 Rxf3 33. Rdxg7+ Kf8 34. Rg8+ Ke7 35. R1g7+ Kd6 36. Rd8# 1-0

[Event "November 21 Early 2023"]
[Site "https://www.chess.com"]
[Date "2023.11.21"]
[Round "1"]
[White "crosky"]
[Black "Belov, Alexei"]
[Result "0-1"]
[Board "166"]
[TimeControl "180+1"]
[BlackFideId "4128206"]
[WhiteElo "2334"]
[BlackElo "2619"]
[BlackTeam "RUS"]
[WhiteClock "0:00:17"]
[BlackClock "0:00:22"]

1. c4 e6 2. Nc3 d5 3. d4 Be7 4. cxd5 exd5 5. Bf4 c6 6. e3 Bf5 7. g4 Be6 8. h4 Nd7 9. h5 Ngf6 10. f3 h6 11. Bd3 a6 12. Qd2 c5 13. Nge2 b5 14. Kf2 c4 15. Bc2 b4 16. Na4 Rc8 17. b3 Nb6 18. Nc5 a5 19. Nxe6 fxe6 20. Bg6+ Kd7 21. Rhg1 Rf8 22. Be5 Bd6 23. Bxd6 Kxd6 24. Rac1 Ne4+ 25. Bxe4 dxe4 26. Nf4 Qh4+ 27. Rg3 exf3 28. Kxf3 cxb3 29. e4 Nc4 30. e5+ Kd7 31. Qd3 Rxf4+ 32. Kxf4 Qg5+ 33. Kf3 Qxc1 34. d5 0-1

[Event "November 21 Early 2023"]
[Site "https://www.chess.com"]
[Date "2023.11.21"]
[Round "1"]
[White "Pastar, Slaven"]
[Black "Napoli, Nicolo"]
[Result "1-0"]
[Board "167"]
[TimeControl "180+1"]
[WhiteFideId "14402718"]
[BlackFideId "813702"]
[WhiteElo "2230"]
[BlackElo "2306"]
[WhiteTeam "BIH"]
[BlackTeam "ITA"]
[WhiteClock "0:00:46"]
[BlackClock "0:00:06"]

1. Nf3 d5 2. b3 Nf6 3. Bb2 e6 4. e3 c6 5. c4 Bd6 6. Be2 O-O 7. O-O Nbd7 8. Nc3 b6 9. Rc1 Bb7 10. Qc2 e5 11. Qb1 e4 12. Nd4 Ne5 13. f4 exf3 14. Nxf3 Ng6 15. Bd3 dxc4 16. Bxc4 c5 17. Ne2 Bxf3 18. Rxf3 Ne5 19. Rh3 Ng6 20. Qf5 Qd7 21. Rf1 Rad8 22. Bxf6 Qxf5 23. Rxf5 gxf6 24. Rfh5 Be5 25. d3 Rb8 26. a4 Rbe8 27. Rxh7 f5 28. R7h6 Kg7 29. Rh7+ Kf6 30. Rf3 Rh8 31. Rxf7+ Kg5 32. R7xf5+ Kh6 33. Rh3+ Kg7 34. Rf7+ Kg8 35. Rfh7+ Kf8 36. Rf3+ Bf4 37. Rf7+ Kg8 38. R7xf4+ Kg7 39. Rf7+ Kh6 40. Rh3+ Kg5 41. Rg3+ Kh6 42. Rf6 Rhg8 43. Bxg8 Rxg8 44. Nf4 Kh7 1-0

[Event "November 21 Early 2023"]
[Site "https://www.chess.com"]
[Date "2023.11.21"]
[Round "1"]
[White "Shapiro, Daniel"]
[Black "Khumalo, Keith"]
[Result "0-1"]
[Board "168"]
[TimeControl "180+1"]
[WhiteFideId "2001780"]
[BlackFideId "14319470"]
[WhiteElo "2334"]
[BlackElo "2093"]
[WhiteTeam "USA"]
[BlackTeam "RSA"]
[WhiteClock "0:00:00"]
[BlackClock "0:00:48"]

1. d4 Nf6 2. c4 g6 3. Nc3 Bg7 4. e4 d6 5. Be2 O-O 6. Nf3 Na6 7. Be3 Ng4 8. Bg5 h6 9. Bc1 c5 10. h3 cxd4 11. Nxd4 Ne5 12. Be3 Nc5 13. O-O a5 14. Qd2 Kh7 15. f4 Nc6 16. Bf3 Nxd4 17. Bxd4 Bxd4+ 18. Qxd4 Ne6 19. Qe3 a4 20. h4 Qa5 21. f5 Qc5 22. Rae1 Qxe3+ 23. Rxe3 Nd4 24. Bd1 Bd7 25. Rd3 Nc6 26. Bxa4 Ne5 27. fxg6+ fxg6 28. Rxf8 Rxf8 29. Rd4 Bxa4 30. Nxa4 Rf4 31. g3 Rf3 32. Kg2 Re3 33. Nc3 Re1 34. Kf2 Rc1 35. Nd5 Rc2+ 36. Ke3 e6 37. Nf4 Ng4+ 38. Kd3 Rxb2 39. Nxe6 Nf2+ 40. Kc3 Rxa2 41. Rxd6 Nxe4+ 42. Kb3 Ra1 43. Rd7+ Kh8 44. Rd8+ Kh7 45. Rd7+ Kg8 46. Rd8+ Kf7 47. Nd4 Rd1 48. Rd7+ Kf6 49. Rd5 b6 50. Ne2 Nc5+ 51. Kc2 Ra1 52. Rd6+ Kf7 53. Rxb6 Ra2+ 54. Kd1 Ne4 55. Rb7+ Kf6 56. Rb6+ Kf5 57. Rb5+ Kg4 58. Rb6 Kf3 59. Nd4+ Ke3 60. Nc2+ Kf3 61. Rxg6 h5 0-1

[Event "November 21 Early 2023"]
[Site "https://www.chess.com"]
[Date "2023.11.21"]
[Round "1"]
[White "Gontcharov, Vladislav"]
[Black "Fernandez Siles, Luis"]
[Result "1-0"]
[Board "169"]
[TimeControl "180+1"]
[WhiteFideId "4123492"]
[BlackFideId "2209420"]
[WhiteElo "2420"]
[BlackElo "2195"]
[WhiteTeam "RUS"]
[BlackTeam "ESP"]
[WhiteClock "0:00:17"]
[BlackClock "0:00:00"]

1. d4 Nf6 2. c4 g6 3. Nc3 d5 4. Nf3 Bg7 5. Bg5 Ne4 6. cxd5 Nxg5 7. Nxg5 e6 8. Nf3 exd5 9. e3 c6 10. Be2 O-O 11. O-O Nd7 12. b4 a6 13. a4 Nf6 14. b5 axb5 15. axb5 Rxa1 16. Qxa1 Bg4 17. bxc6 bxc6 18. Ne5 Bxe2 19. Nxe2 c5 20. Rd1 c4 21. Nc3 Qa8 22. h3 Rb8 23. Qxa8 Rxa8 24. Rb1 Ra3 25. Nb5 Rb3 26. Rxb3 cxb3 27. Nd3 Bf8 28. Kf1 Ne4 29. Ke2 Be7 30. f3 Ng3+ 31. Kf2 Bh4 32. Kg1 Bg5 33. Kf2 Bh4 34. Kg1 Bg5 35. f4 Bh4 36. Nc3 Ne4 37. Nxd5 Bf2+ 38. Kf1 1-0

[Event "November 21 Early 2023"]
[Site "https://www.chess.com"]
[Date "2023.11.21"]
[Round "1"]
[White "Silvestre, Christian"]
[Black "Bodnaruk, Anastasia"]
[Result "1/2-1/2"]
[Board "170"]
[TimeControl "180+1"]
[WhiteFideId "30956269"]
[BlackFideId "4181751"]
[WhiteElo "2327"]
[BlackElo "2260"]
[WhiteTeam "USA"]
[BlackTeam "RUS"]
[WhiteClock "0:00:18"]
[BlackClock "0:00:21"]

1. e4 c5 2. Nf3 d6 3. Nc3 Nf6 4. d4 cxd4 5. Nxd4 a6 6. Bc4 e6 7. Bb3 b5 8. Qe2 Be7 9. Bg5 O-O 10. O-O Qb6 11. Be3 Qb7 12. f3 Bd7 13. Rad1 Nc6 14. Nxc6 Bxc6 15. a3 Rad8 16. Rd2 d5 17. exd5 Nxd5 18. Nxd5 Bxd5 19. Bxd5 Rxd5 20. Rfd1 Rfd8 21. Rxd5 Rxd5 22. Rxd5 Qxd5 23. Qd2 Bc5 24. Kf1 Qc4+ 25. Kf2 g6 26. Bxc5 Qxc5+ 27. Kf1 Kg7 28. c3 Qd5 29. Qxd5 exd5 30. Ke2 Kf6 31. Kd3 Ke5 32. Ke3 g5 33. g3 h5 34. Kd3 h4 35. Ke3 f6 36. f4+ gxf4+ 37. gxf4+ Kf5 38. Kf3 h3 39. b3 a5 40. a4 bxa4 41. bxa4 Ke6 42. Kg4 d4 43. cxd4 Kd5 44. Kf5 Kxd4 45. Kxf6 Ke3 46. f5 Kf3 47. Kg6 Kg2 48. f6 Kxh2 49. f7 Kg2 50. f8=Q h2 51. Qa8+ Kg1 52. Qa7+ Kg2 53. Qa8+ Kg1 54. Qa7+ Kg2 55. Qb7+ Kg1 56. Qb6+ Kg2 57. Qc6+ Kg1 58. Qc5+ Kg2 59. Qd5+ Kg1 60. Qd4+ Kg2 61. Qe4+ Kg1 62. Kf5 h1=Q 63. Qxh1+ Kxh1 64. Ke5 Kg2 65. Kd5 Kf3 66. Kc5 Ke4 67. Kb5 Kd5 68. Kxa5 Kc6 69. Ka6 Kc7 70. Ka7 Kc8 71. a5 Kc7 72. a6 Kc8 73. Ka8 Kc7 74. a7 Kc8 1/2-1/2

[Event "November 21 Early 2023"]
[Site "https://www.chess.com"]
[Date "2023.11.21"]
[Round "1"]
[White "Principe, Gerson"]
[Black "Goswami, Vedant"]
[Result "1-0"]
[Board "171"]
[TimeControl "180+1"]
[WhiteFideId "3804550"]
[BlackFideId "5003725"]
[WhiteElo "2186"]
[BlackElo "2011"]
[WhiteTeam "PER"]
[BlackTeam "IND"]
[WhiteClock "0:00:59"]
[BlackClock "0:00:43"]

1. d4 Nf6 2. Nf3 e6 3. c4 Bb4+ 4. Bd2 Qe7 5. Nc3 O-O 6. e3 d6 7. Be2 Bxc3 8. Bxc3 Ne4 9. Rc1 Nc6 10. O-O Nxc3 11. Rxc3 e5 12. d5 Nb8 13. b4 a5 14. a3 axb4 15. axb4 Na6 16. Qb3 Bg4 17. Rfc1 c5 18. dxc6 bxc6 19. b5 Nc5 20. Qd1 Rfc8 21. h3 Bh5 22. bxc6 Rxc6 23. Nxe5 Qxe5 24. Bxh5 Ne4 25. R3c2 g6 26. Bf3 Rac8 27. Qd4 Rc5 28. Qxe4 1-0

[Event "November 21 Early 2023"]
[Site "https://www.chess.com"]
[Date "2023.11.21"]
[Round "1"]
[White "Mohammed, Zozek Salah Mohammed"]
[Black "Vlassov, Nikolai"]
[Result "1-0"]
[Board "172"]
[TimeControl "180+1"]
[WhiteFideId "4803361"]
[BlackFideId "4103360"]
[WhiteElo "2211"]
[BlackElo "2324"]
[WhiteTeam "IRQ"]
[BlackTeam "FID"]
[WhiteClock "0:00:19"]
[BlackClock "0:00:00"]

1. d4 Nf6 2. Nf3 e6 3. g3 b5 4. Bg2 Bb7 5. O-O c5 6. a4 b4 7. Bg5 Na6 8. c3 bxc3 9. Nxc3 cxd4 10. Nxd4 Bxg2 11. Kxg2 Be7 12. e4 Qc7 13. Ndb5 Qc6 14. Bxf6 Bxf6 15. Nd6+ Ke7 16. Ncb5 Bxb2 17. Rb1 Be5 18. Rc1 Nc5 19. Nc4 Bb8 20. f3 Rc8 21. Ne3 a6 22. Nd4 Qxa4 23. Qxa4 Nxa4 24. Rxc8 Nb6 25. Rh8 Be5 26. Rxa8 Bxd4 27. Rxa6 Bxe3 28. Rb1 Nc4 29. Rd1 Bh6 30. Rd3 g5 31. Ra7 Ne5 32. Rb3 Kf6 33. Rb5 d6 34. Rbb7 Kg6 35. Ra6 Nc4 36. Rc6 d5 37. exd5 Ne3+ 38. Kh1 Nxd5 39. Rd7 Nf6 40. Ra7 Nd5 41. Rd6 1-0

[Event "November 21 Early 2023"]
[Site "https://www.chess.com"]
[Date "2023.11.21"]
[Round "1"]
[White "Mejia, Giovanni"]
[Black "Umarov, Sabir"]
[Result "1/2-1/2"]
[Board "173"]
[TimeControl "180+1"]
[WhiteFideId "5209498"]
[BlackFideId "14200538"]
[WhiteElo "2075"]
[BlackElo "2325"]
[WhiteTeam "PHI"]
[BlackTeam "UZB"]
[WhiteClock "0:00:37"]
[BlackClock "0:00:38"]

1. e4 c6 2. d4 d5 3. Nd2 g6 4. c3 Bg7 5. Ngf3 Bg4 6. e5 f6 7. h3 Bxf3 8. Nxf3 fxe5 9. Nxe5 Nd7 10. f4 Ngf6 11. Bd3 O-O 12. O-O e6 13. Qe2 Qe7 14. g4 Nxe5 15. fxe5 Nd7 16. Be3 c5 17. g5 c4 18. Bc2 b5 19. Qg4 a5 20. h4 Rxf1+ 21. Rxf1 Rf8 22. Rxf8+ Nxf8 23. h5 gxh5 24. Qxh5 Qf7 25. Qxf7+ Kxf7 26. a4 bxa4 27. Bxa4 Kg6 28. Bc2+ Kh5 29. Kf2 Kg4 30. Bd1+ Kh4 31. Kf3 Ng6 32. Bc2 Bf8 33. b3 cxb3 34. Bxb3 Be7 35. c4 dxc4 36. Bxc4 Nf8 37. Bb5 Bxg5 38. Bf2+ Kh5 39. Be1 Bd8 40. Ke4 Kg6 41. Be8+ Kg7 42. d5 exd5+ 43. Kxd5 h5 44. Bxh5 Nd7 45. Be8 Nxe5 46. Kxe5 a4 47. Bxa4 Bf6+ 48. Ke6 Ba1 49. Bh4 Bb2 50. Bc6 Bc3 51. Kf5 Bb2 52. Bg5 Bc3 53. Kg4 Bb2 54. Kh5 Bc3 55. Bh6+ Kf6 56. Bf8 Kf7 57. Bc5 Bb2 58. Bd5+ Kg7 59. Bd6 Bc3 60. Bf4 Bb2 61. Bh6+ Kf6 62. Bf8 Bc3 63. Kh6 Kf5 64. Bf7 Bb2 65. Bg6+ Ke6 66. Kg5 Bc3 67. Bf5+ Kf7 68. Bc5 Bd2+ 69. Kg4 Bc1 70. Bd4 Bd2 71. Be5 Bc1 72. Bd7 Bd2 73. Kf5 Bc1 74. Be6+ Ke7 75. Bc3 Be3 76. Bb4+ Kd8 77. Bd6 Bc1 78. Ke4 Bd2 79. Kd5 Be3 80. Bb4 Bc1 81. Bf7 Be3 82. Ke6 Bh6 83. Ba5+ Kc8 84. Kd6 Bf4+ 85. Kc6 Bg3 86. Bb6 Kb8 87. Be6 Bf4 88. Kb5 Bg3 89. Ka6 Bf4 90. Bd5 Bg3 91. Bb7 Bh2 92. Bc5 Bg3 93. Kb6 Bc7+ 94. Kc6 Bh2 95. Ba6 Bg3 96. Bc4 Bh2 97. Be6 1/2-1/2

[Event "November 21 Early 2023"]
[Site "https://www.chess.com"]
[Date "2023.11.21"]
[Round "1"]
[White "rikchessmx"]
[Black "Aaditya Dhingra"]
[Result "0-1"]
[Board "174"]
[TimeControl "180+1"]
[BlackFideId "25678191"]
[WhiteElo "2325"]
[BlackElo "2269"]
[BlackTeam "IND"]
[WhiteClock "0:00:07"]
[BlackClock "0:00:33"]

1. e4 g6 2. d4 Bg7 3. Nc3 c6 4. f3 d5 5. e5 h5 6. Bg5 f6 7. exf6 exf6 8. Bh4 Qe7+ 9. Nge2 Nh6 10. Qd2 Nf5 11. Bf2 Bh6 12. f4 O-O 13. O-O-O b5 14. h3 Nd6 15. b3 b4 16. Na4 Ne4 17. Qe3 Ba6 18. Ng3 Qc7 19. Kb1 Bxf4 20. Qf3 Bxg3 21. Be3 Bb5 22. Nc5 Nxc5 23. dxc5 Bxf1 24. Rhxf1 Nd7 25. Bf2 Bxf2 26. Rxf2 Ne5 27. Qg3 Rae8 28. Qf4 Qg7 29. g4 g5 30. Qxb4 hxg4 31. hxg4 Ng6 32. Qa4 Re6 33. Rh2 Rfe8 34. Qa5 Nh4 35. Rf2 Re4 36. Qa6 R8e6 37. Qc8+ Qf8 38. Qd7 Qe7 39. Qc8+ Kg7 40. Kb2 Re1 41. Rdd2 Qxc5 42. Qd8 Qe7 43. Qa5 R6e3 44. a4 Qe5+ 45. Ka3 Ra1+ 46. Kb4 Qc3# 0-1

[Event "November 21 Early 2023"]
[Site "https://www.chess.com"]
[Date "2023.11.21"]
[Round "1"]
[White "Gubajdullin, Alexei"]
[Black "Eggleston, Thomas A"]
[Result "1-0"]
[Board "175"]
[TimeControl "180+1"]
[WhiteFideId "4141202"]
[BlackFideId "412139"]
[WhiteElo "2280"]
[BlackElo "2169"]
[WhiteTeam "RUS"]
[BlackTeam "ENG"]
[WhiteClock "0:02:31"]
[BlackClock "0:01:57"]

1. d4 e6 2. Nf3 f5 3. Bf4 Nf6 4. e3 b6 5. Be2 Bb7 6. O-O Be7 7. h3 O-O 8. c4 Ne4 9. Qc2 Bf6 10. Nc3 Nxc3 11. Qxc3 d6 12. b4 Nd7 13. Rac1 Qe7 14. Qb3 c5 15. bxc5 bxc5 16. Qxb7 1-0

[Event "November 21 Early 2023"]
[Site "https://www.chess.com"]
[Date "2023.11.21"]
[Round "1"]
[White "Mikhailova, Irina"]
[Black "Hilary46"]
[Result "1-0"]
[Board "176"]
[TimeControl "180+1"]
[WhiteFideId "4109040"]
[WhiteElo "2009"]
[BlackElo "2606"]
[WhiteTeam "RUS"]
[WhiteClock "0:00:15"]
[BlackClock "0:00:00"]

1. d4 d5 2. Nf3 Nf6 3. c4 e6 4. Qc2 dxc4 5. Qxc4 a6 6. Qc2 Nbd7 7. Nc3 c5 8. dxc5 Bxc5 9. Bf4 b5 10. e3 Bb7 11. Bd3 Rc8 12. Qe2 O-O 13. Rd1 Bb4 14. O-O Bxc3 15. bxc3 Nd5 16. Bxh7+ Kxh7 17. Ng5+ Kg8 18. Qh5 N7f6 19. Qh4 Qb6 20. Be5 Rc4 21. e4 Rfc8 22. Rd4 Rxd4 23. cxd4 Qc6 24. exd5 Qxd5 25. f3 Kf8 26. Qh8+ Ke7 27. Qxg7 Rf8 28. Qxf6+ Ke8 29. Rc1 Qxa2 30. Bd6 1-0

[Event "November 21 Early 2023"]
[Site "https://www.chess.com"]
[Date "2023.11.21"]
[Round "1"]
[White "FoxOnTheRun97"]
[Black "Kornyukov, Alexey"]
[Result "0-1"]
[Board "177"]
[TimeControl "180+1"]
[BlackFideId "4150457"]
[WhiteElo "2603"]
[BlackElo "2352"]
[BlackTeam "RUS"]
[WhiteClock "0:00:06"]
[BlackClock "0:00:15"]

1. d4 Nf6 2. Bg5 d5 3. Nd2 h6 4. Bxf6 exf6 5. e3 Bd6 6. g3 c6 7. Bg2 Qb6 8. Qc1 Bf5 9. Ne2 O-O 10. O-O Nd7 11. Re1 Rac8 12. c4 Bb4 13. Nc3 Bxc3 14. Qxc3 dxc4 15. Nxc4 Qc7 16. Qb4 Nb6 17. Nd6 Bd3 18. Nxc8 Rxc8 19. a4 Nd5 20. Qd2 Bg6 21. e4 Nb6 22. a5 Nc4 23. Qc3 Nd6 24. e5 fxe5 25. dxe5 Nb5 26. Qe3 Rd8 27. Red1 Rxd1+ 28. Rxd1 Qxa5 29. e6 fxe6 30. Qxe6+ Bf7 31. Qc8+ Kh7 32. Be4+ Bg6 33. Bxg6+ Kxg6 34. Qe6+ Kh7 35. Qf5+ Kg8 36. Rd7 Qe1+ 37. Kg2 Qe8 38. Rxb7 Nd6 39. Qd7 Qe4+ 40. Kh3 Nxb7 41. Qxb7 Qe6+ 42. Kg2 Qd5+ 43. f3 a5 44. Qc8+ Kh7 45. Qb8 Qd2+ 46. Kh3 Qd7+ 47. g4 Qd5 48. Qf4 Qe6 49. Kg3 Qd5 50. h4 g5 51. Qe4+ Qxe4 52. fxe4 Kg6 53. hxg5 hxg5 54. Kf3 Kf7 55. e5 Ke6 56. Ke4 c5 57. b3 c4 58. bxc4 a4 59. c5 a3 60. c6 a2 61. c7 Kd7 62. e6+ Kxc7 63. e7 Kd7 64. Kf5 Kxe7 65. Kxg5 a1=Q 66. Kg6 Qe5 67. g5 Qe4+ 68. Kh6 Kf8 69. g6 Qh4# 0-1

[Event "November 21 Early 2023"]
[Site "https://www.chess.com"]
[Date "2023.11.21"]
[Round "1"]
[White "komogro"]
[Black "Nygren, Kim"]
[Result "1-0"]
[Board "178"]
[TimeControl "180+1"]
[BlackFideId "1706136"]
[WhiteElo "2313"]
[BlackElo "2209"]
[BlackTeam "SWE"]
[WhiteClock "0:00:08"]
[BlackClock "0:00:22"]

1. d4 Nf6 2. c4 e6 3. Nf3 b6 4. g3 Ba6 5. Qc2 c5 6. d5 d6 7. Bg2 e5 8. O-O Nbd7 9. Ne1 Be7 10. Nd3 O-O 11. a3 b5 12. b3 bxc4 13. bxc4 Rb8 14. Nd2 Nb6 15. Bb2 Nfd7 16. a4 Na8 17. Bc3 Ndb6 18. Qa2 Qd7 19. a5 Nc8 20. Rfb1 Rxb1+ 21. Rxb1 f5 22. Bh3 Nc7 23. Rb8 g6 24. Qb3 Bg5 25. Ne4 Qe7 26. Nxg5 Qxg5 27. e3 Nxd5 28. Nxc5 Nxc3 29. Ne6 Ne2+ 30. Kf1 Qh5 31. Nxf8 Qxh3+ 32. Kxe2 d5 33. Rxc8 Bxc4+ 34. Rxc4 dxc4 35. Qxc4+ Kxf8 36. Qc5+ Kf7 37. Qxa7+ Kf6 38. Qb6+ Kg5 39. Qd8+ Kh5 40. Qh4+ Qxh4 41. gxh4 1-0

[Event "November 21 Early 2023"]
[Site "https://www.chess.com"]
[Date "2023.11.21"]
[Round "1"]
[White "Cremisi, Daniel"]
[Black "alfianasybullina"]
[Result "1-0"]
[Board "179"]
[TimeControl "180+1"]
[WhiteFideId "2089882"]
[WhiteElo "2172"]
[BlackElo "2307"]
[WhiteTeam "USA"]
[WhiteClock "0:01:19"]
[BlackClock "0:00:43"]

1. d4 Nf6 2. c4 c5 3. d5 e6 4. Nc3 exd5 5. cxd5 d6 6. e4 g6 7. h3 Bg7 8. Bd3 O-O 9. Nge2 b6 10. O-O Ba6 11. a4 Qe7 12. Bg5 Bxd3 13. Qxd3 Nbd7 14. a5 h6 15. Bh4 Ne5 16. Qb5 Qd7 17. Qxd7 Nfxd7 18. Be7 Rfe8 19. Bxd6 Nc4 20. Bc7 Nxb2 21. axb6 axb6 22. Rxa8 Rxa8 23. Nb5 Ra4 24. f3 Rb4 25. Na7 c4 26. Nc6 Ra4 27. e5 b5 28. Nc3 Ra8 29. Nxb5 Nd3 30. e6 fxe6 31. dxe6 N7e5 32. Nxe5 Bxe5 33. Bxe5 Nxe5 34. Re1 Nd3 35. Re4 Re8 36. Nc7 Nc5 37. Rxc4 Nxe6 38. Nxe8 1-0

[Event "November 21 Early 2023"]
[Site "https://www.chess.com"]
[Date "2023.11.21"]
[Round "1"]
[White "Lesbekova, Assel"]
[Black "Pak, Yevgeniy"]
[Result "1-0"]
[Board "180"]
[TimeControl "180+1"]
[WhiteFideId "13713248"]
[BlackFideId "14201712"]
[WhiteElo "1861"]
[BlackElo "2320"]
[WhiteTeam "KGZ"]
[BlackTeam "KAZ"]
[WhiteClock "0:01:28"]
[BlackClock "0:00:00"]

1. e4 e5 2. Nf3 Nf6 3. Nc3 Nc6 4. d4 exd4 5. Nxd4 Nxe4 6. Nxe4 Qe7 7. Nxc6 Qxe4+ 8. Qe2 Qxe2+ 9. Bxe2 dxc6 10. O-O Bc5 11. Bf4 Bb6 12. b4 a5 13. b5 cxb5 14. Bxb5+ c6 15. Rfe1+ Be6 16. Bc4 Kd7 17. Rad1+ Ke7 18. Bg5+ Kf8 19. Bxe6 fxe6 20. Rxe6 Re8 21. Rxe8+ Kxe8 22. Rb1 Bd4 23. Rxb7 Rf8 24. Rb8+ Kf7 25. Rxf8+ Kxf8 26. a4 Kf7 27. Bd8 Bc3 28. Kf1 Ke6 29. Ke2 Kd5 30. Kd3 Be1 31. f3 Kc5 32. c3 Kd5 33. Bxa5 Ke5 34. g3 c5 35. Ke2 1-0

[Event "November 21 Early 2023"]
[Site "https://www.chess.com"]
[Date "2023.11.21"]
[Round "1"]
[White "Stark, Lars"]
[Black "Der_Balak_3Halak"]
[Result "1-0"]
[Board "181"]
[TimeControl "180+1"]
[WhiteFideId "4676386"]
[WhiteElo "2449"]
[BlackElo "2303"]
[WhiteTeam "GER"]
[WhiteClock "0:00:17"]
[BlackClock "0:00:15"]

1. c4 e5 2. g3 Nf6 3. Bg2 c6 4. d4 exd4 5. Qxd4 d6 6. Nf3 Be7 7. O-O O-O 8. Nc3 h6 9. Rd1 Qd7 10. Bf4 Rd8 11. Rac1 Na6 12. h3 Nc5 13. Bd2 a5 14. Be1 Qe6 15. b3 Nfe4 16. Nxe4 Nxe4 17. Qe3 Ng5 18. Bd2 Nxh3+ 19. Bxh3 Qxe3 20. Bxe3 Bxh3 21. Bb6 Rd7 22. Nd4 Ra6 23. c5 dxc5 24. Bxc5 Bxc5 25. Rxc5 a4 26. b4 Rd6 27. e3 Ra8 28. a3 Rad8 29. Rdc1 Be6 30. Ra5 Bb3 31. Ra7 R8d7 32. Ra8+ Kh7 33. Rb8 Rd5 34. Kg2 Rh5 35. Kf3 Rh2 36. Rc5 Bd5+ 37. Ke2 Rh1 38. Rc3 b5 39. Re8 Bc4+ 40. Kf3 Re1 41. Nf5 Bd5+ 42. e4 Bc4 43. Ne3 Be2+ 44. Kg2 Bd3 45. Kf3 Re2 46. Rxd3 Rxe3+ 47. Rxe3 Rc7 48. Rd8 c5 49. bxc5 Rxc5 50. Rd5 Rc4 51. Rxb5 Rc2 52. Rb4 Kg6 53. Rxa4 Kg5 54. Ra5+ Kg6 55. Rf5 f6 56. Rf4 h5 57. e5 f5 58. e6 Rc8 59. e7 Re8 60. Rd4 Kf7 61. Rd8 Rxe7 62. Rxe7+ Kxe7 63. Rh8 g6 64. Kf4 Kf6 65. Rf8+ Kg7 66. Rc8 Kf6 67. Rc6+ Kf7 68. Kg5 Ke7 69. Rxg6 Kf8 70. Kxf5 Ke7 71. Kg5 h4 72. gxh4 Kf7 73. h5 Ke7 74. h6 Kf7 75. h7 Ke7 76. h8=Q Kd7 77. Qh7+ Ke8 78. Rg8# 1-0